 Dungeon Crawl Stone Soup version 0.26-a0-438-g4b1dca4f87 (webtiles) character file.

Game seed: 885470467330967839

107 Misa the Magician (level 4, -1/24 HPs)
             Began as a Deep Elf Fire Elementalist on July 26, 2020.
             Slain by an orc
             ... wielding a +0 trident
              (4 damage)
             ... on level 3 of the Dungeon.
             The game lasted 00:04:20 (2479 turns).

Misa the Magician (Deep Elf Fire Elementalist)      Turns: 2479, Time: 00:04:20

Health: -1/24      AC:  2    Str:  5    XL:     4   Next: 57%
Magic:  6/12       EV: 13    Int: 21    God:
Gold:   105        SH:  0    Dex: 15    Spells: 11/12 levels left

rFire    . . .     SeeInvis .   (no weapon)
rCold    . . .     Faith    .   (no shield)
rNeg     . . .     Spirit   .   a - +0 robe
rPois    .         Reflect  .   (no helmet)
rElec    .         Harm     .   (no cloak)
rCorr    .                      (no gloves)
MR       .....                  (no boots)
Stlth    ++........             (no amulet)
HPRegen  0.08/turn              (no ring)
MPRegen  0.13/turn              (no ring)

@: no status effects
A: no striking features
a: no special abilities


You were on level 3 of the Dungeon.
You visited 1 branch of the dungeon, and saw 3 of its levels.

You collected 105 gold pieces.

Inventory:

Missiles
 d - 10 poisoned darts (quivered)
Armour
 a - a +0 robe (worn)
Scrolls
 b - 4 scrolls of identify {unknown}
 g - a scroll of fear {unknown}
 i - 2 scrolls of noise {unknown}
 k - a scroll of blinking {unknown}
 l - 2 scrolls of remove curse {unknown}
Potions
 c - a potion of flight {unknown}
 e - a potion of berserk rage {unknown}
 f - a potion of curing {unknown}
 h - a potion of invisibility {unknown}
 j - a potion of ambrosia {unknown}


   Skills:
 - Level 2.4 Dodging
 - Level 2.4 Stealth
 + Level 4.5 Spellcasting
 + Level 2.9 Conjurations
 + Level 4.3 Fire Magic


You had 11 spell levels left.
You knew the following spells:

 Your Spells              Type           Power        Failure   Level
a - Foxfire               Conj/Fire      ###.         2%          1

Your spell library contained the following spells:

 Spells                   Type           Power        Failure   Level
 Conjure Flame            Conj/Fire      ###.....     8%          3
 Inner Flame              Hex/Fire       ##......     14%         3
 Sticky Flame             Conj/Fire      ###.....     26%         4
 Fireball                 Conj/Fire      ###.......   56%         5


Dungeon Overview and Level Annotations

Branches:
Dungeon (3/15)

Altars:
Gozag


Message History

Nothing appears to happen.
The hobgoblin misses you.
The foxfire hits something.
Casting: Foxfire (safe; 3% risk of failure)
Confirm with . or Enter, or press ? or * to list all spells.
You conjure some foxfire!
The foxfire hits something.
The hobgoblin hits you.
The foxfire hits something.
Casting: Foxfire (safe; 3% risk of failure)
Confirm with . or Enter, or press ? or * to list all spells.
You conjure some foxfire!
An orc wizard appears from thin air!
Reactivating autopickup.
The hobgoblin hits you but does no damage.
The orc wizard gestures at you while chanting.
The puff of flame hits you!
* * * LOW HITPOINT WARNING * * *
Casting: Foxfire (safe; 3% risk of failure)
Confirm with . or Enter, or press ? or * to list all spells.
Nothing appears to happen.
The foxfire hits the orc wizard.
You kill the orc wizard!
The orc hits you from afar with a +0 trident.
You die...

........#######.#.>...#
#.#####.# #.#(....# #.#
#{....### #.#
#..##.....r.. #.#
#..#########. #.# #.÷#
# #.#######..# #.##
#.##.).....#
#.#.###.##@#####.#
#..#....##g# #.#
#.#.######o# #.# #.#.#
#.# #.# #.#.### #.# #.#
####.#†..####.#####.##
#....#.#..............
#.#......†..........#.
#....########.#######


You could see an orc and a hobgoblin.

Vanquished Creatures
  An orc wizard (D:3)
  3 adders
  2 oozes
  A worm (D:2)
  A dart slug (D:1)
  2 leopard geckos
  A giant cockroach (D:2)
  6 goblins
  4 hobgoblins
  A quokka (D:3)
  A ball python (D:1)
  5 bats
  4 frilled lizards
  5 kobolds
  2 rats
39 creatures vanquished.

Vanquished Creatures (others)
  183 foxfires
183 creatures vanquished.

Grand Total: 222 creatures vanquished

Notes
Turn   | Place    | Note
-------+----------+-------------------------------------------
     0 | D:1      | Misa the Deep Elf Fire Elementalist began the quest for the
                  | Orb.
     0 | D:1      | Reached XP level 1. HP: 10/10 MP: 6/6
   412 | D:1      | Reached XP level 2. HP: 15/15 MP: 0/8
  1027 | D:1      | Found an opulent altar of Gozag.
  1167 | D:2      | Reached XP level 3. HP: 19/19 MP: 5/10
  2247 | D:3      | Reached XP level 4. HP: 24/24 MP: 7/12
  2479 | D:3      | Slain by an orc

Illustrated notes

Levels and vault maps discovered:
D:1:      dpeg_arrival_lava_altar, layout_loops_ring
D:2:      layout_basic
D:3:      layout_loops_ring, nicolae_overflow_crystal_walls, xom_teletrap_fun,
          uniq_purgy

Skill      XL: |  1  2  3 |
---------------+----------+-----
Conjurations   | 2 |  2.9
Spellcasting   | 4 |  4.5
Fire Magic     | 4 |  4.3
Dodging        | |  2.4
Stealth        | |  2.4

Action                   |  1- 3 |  4- 6 || total
-------------------------+-------+-------++-------
Melee: Unarmed           |     1 |       ||     1
 Cast: Foxfire           |   100 |    26 ||   126
 Stab: Sleeping          |     1 |       ||     1
Armor: Robe              |     2 |     1 ||     3
Dodge: Dodged            |    10 |     2 ||    12

Table legend: (Time is in decaauts)
 A = Elapsed time spent in this place.
 B = Non-inter-level travel time spent in this place.
 C = Inter-level travel time spent in this place.
 D = Time resting spent in this place.
 E = Time spent auto-exploring this place.
 F = Levels seen in this place.
 G = Mean time per level.
                   A        B        C        D        E       F      G
               +--------+--------+--------+--------+--------+-----+--------+
         Total |   2478 |   2438 |     40 |    145 |   1988 |   3 |  826.0 |
       Dungeon |   2478 |   2438 |     40 |    145 |   1988 |   3 |  826.0 |
               +--------+--------+--------+--------+--------+-----+--------+

Top non-repeatable levels by time:
     D:2: 1134 daAuts
     D:1: 1053 daAuts
     D:3: 290 daAuts
